 Dungeon Crawl Stone Soup version 0.25.0-26-g0c896c7088 (webtiles) character file.

Game seed: 4675542063763411235

56 xccam the Sneak (level 3, 0/24 HPs)
             Began as an Octopode Assassin on July 2, 2020.
             Slain by a worm (11 damage)
             ... on level 2 of the Dungeon.
             The game lasted 00:01:22 (1156 turns).

xccam the Sneak (Octopode Assassin)                 Turns: 1156, Time: 00:01:23

Health: 0/24       AC:  1    Str: 10    XL:     3   Next: 95%
Magic:  3/3        EV: 13    Int: 13    God:
Gold:   54         SH:  0    Dex: 14    Spells: 2/2 levels left

rFire    . . .     SeeInvis .   a - +2 dagger
rCold    . . .     Gourm    .   (no shield)
rNeg     . . .     Faith    .   (helmet restricted)
rPois    .         Spirit   .   (no amulet)
rElec    .         Reflect  .   (no ring)
rCorr    .         Harm     .   (no ring)
MR       .....                  (no ring)
Stlth    ++++......             (no ring)
HPRegen  0.08/turn              (no ring)
MPRegen  0.08/turn              (no ring)
                                (no ring)
                                (no ring)

@: lethally poisoned (0 -> -4)
A: almost no armour, stealthy swim, amphibious, 8 rings, constrict 8, camouflage
1, gelatinous body 1
a: no special abilities


You were on level 2 of the Dungeon.
You were not hungry.

You visited 1 branch of the dungeon, and saw 2 of its levels.

You collected 54 gold pieces.

Inventory:

Hand Weapons
 a - a +2 dagger (weapon)
Missiles
 c - a curare-tipped dart (quivered)
Potions
 e - a potion of curing
 i - a potion of magic {unknown}
Comestibles
 d - 3 rations


   Skills:
 - Level 2.0 Fighting
 + Level 4.1 Short Blades
 - Level 2.0 Throwing
 - Level 1.0 Dodging
 - Level 5.3 Stealth


You had 2 spell levels left.
You didn't know any spells.
Your spell library was empty.

Dungeon Overview and Level Annotations

Branches:
Dungeon (2/15)

Altars:


Innate Abilities, Weirdness & Mutations

You cannot wear most types of armour.
You are very stealthy in the water. (Stealth+)
You are amphibious.
You can wear up to eight rings at the same time.
You can use your tentacles to constrict eight enemies at once.
Your skin changes colour to match your surroundings (Stealth+).
Your rubbery body absorbs attacks. (AC +1, EV +1)


Message History

You barely miss the bat. You grab the bat. You constrict the bat.
You feel sick. The bat hits you but does no damage. The bat barely misses you.
You closely miss the bat.
The bat is moderately wounded.
You constrict the bat. The bat hits you but does no damage.
The bat struggles to escape constriction.
You hit the bat.
You kill the bat!
You feel sick.
Throwing (i - inventory)
c - 2 curare-tipped darts (quivered)
Press: ? - help, Shift-Dir - straight line, f - worm
Aim: a worm (moderately wounded, poisoned)
You throw a curare-tipped dart.
The curare-tipped dart barely misses the worm.
You hit the worm. Your grab misses the worm. You squeeze the worm.
The worm is severely wounded.
You barely miss the worm. Your grab misses the worm. You squeeze the worm.
The worm is almost dead.
You feel sick. The worm bites you!
You die...

#.## #....b...
###..## #..(.((.$
#....##.## #....(...
#.....# ....+...(....
#.....####.##..(....<
#...........(........
#....#..##.#.........
#....#..##.#w#######+
#....##.##.#@###
+.........#.(...#
#########.#.....#
#........=...+
#.#####......#
#......# ##+#####


You could see a worm (poisoned).

Vanquished Creatures
  An adder (D:2)
  A dart slug (D:2)
  2 leopard geckos
  A ball python (D:1)
  7 bats
  3 goblins
  6 hobgoblins
  6 jackals (D:1)
  A frilled lizard (D:1)
  5 kobolds
  5 rats
38 creatures vanquished.

Notes
Turn   | Place    | Note
-------+----------+-------------------------------------------
     0 | D:1      | xccam the Octopode Assassin began the quest for the Orb.
     0 | D:1      | Reached XP level 1. HP: 14/14 MP: 1/1
    75 | D:1      | Reached XP level 2. HP: 13/19 MP: 2/2
   299 | D:1      | Reached XP level 3. HP: 21/24 MP: 3/3
  1156 | D:2      | Slain by a worm

Illustrated notes

Levels and vault maps discovered:
D:1:      dpeg_arrival_simpleton_b, layout_rooms
D:2:      layout_basic, marbit_many_paths

Skill      XL: |  1  2  3 |
---------------+----------+-----
Short Blades   | 3 4 |  4.1
Fighting       | |  2.0
Throwing       | |  2.0
Dodging        | |  1.0
Stealth        | |  5.3

Action                   || total
-------------------------++-------
Melee: Dagger            ||    83
       Constrict         ||    23
       Tentacles         ||    21
Throw: Dart              ||     9
  Use: Scroll            ||     3
 Stab: Sleeping          ||     9
  Eat: Chunk             ||     1
Armor: Skin              ||     6
Dodge: Dodged            ||    59
